 Dungeon Crawl Stone Soup version 0.28-a0-983-g1de4e0787c (webtiles) character file.

Game seed: 8903795915564522810

159 GregHouse the Chopper (level 5, -20/47 HPs)
             Began as a Hill Orc Monk on Dec 3, 2021.
             Killed by an exploding jelly (31 damage)
             ... ignited by their inner flame
             ... on level 4 of the Dungeon.
             The game lasted 00:22:13 (4354 turns).

GregHouse the Chopper (Hill Orc Monk)               Turns: 4354, Time: 00:22:13

Health: -20/47     AC: -3    Str: 16    XL:     5   Next: 40%
Magic:  5/5        EV: 12    Int: 10    God:
Gold:   128        SH:  0    Dex: 13    Spells: 4/4 levels left

rFire   . . .      SeeInvis .   a - +0 hand axe
rCold   . . .      Faith    .   (no shield)
rNeg    . . .      Spirit   .   j - +2 leather armour {rPois}
rPois   +          Reflect  .   f - +0 helmet
rElec   .          Harm     .   n - +0 cloak
rCorr   .          Rampage  .   l - +0 pair of gloves
Will    .....                   (no boots)
Stlth   ++........              (no amulet)
HPRegen 0.15/turn               (no ring)
MPRegen 0.09/turn               (no ring)

@: corroded
A: no striking features
a: no special abilities


You were on level 4 of the Dungeon.
You visited 1 branch of the dungeon, and saw 5 of its levels.

You collected 128 gold pieces.

Inventory:

Hand Weapons
 a - a +0 hand axe (weapon)
Missiles
 o - 70 stones (quivered)
Armour
 b - a +0 ring mail
 f - a +0 helmet (worn)
 j - a +2 leather armour of poison resistance (worn)
 l - a +0 pair of gloves (worn)
 n - a +0 cloak (worn)
Jewellery
 i - a ring of ice
 q - a ring of magical power
Scrolls
 c - 3 scrolls of teleportation {unknown}
 e - 2 scrolls of brand weapon {unknown}
 k - a scroll of identify {unknown}
 p - a scroll of magic mapping {unknown}
Potions
 d - 2 potions of flight {unknown}
 g - a potion of heal wounds {unknown}
 h - a potion of cancellation {unknown}
 m - a potion of haste {unknown}
 s - a potion of mutation {unknown}


   Skills:
 + Level 4.5 Fighting
 + Level 5.6 Axes
 + Level 2.2 Armour
 + Level 2.9 Dodging
 + Level 2.0 Stealth


You had 4 spell levels left.
You didn't know any spells.
Your spell library contained the following spells:

 Spells                   Type           Power      Damage    Failure   Level
 Summon Small Mammal      Summ           0%         N/A       43%         1
 Call Canine Familiar     Summ           0%         N/A       80%         3
 Summon Guardian Golem    Hex/Summ       0%         N/A       80%         3


Dungeon Overview and Level Annotations

Branches:
Dungeon (5/15)             Temple (0/1) D:5

Altars:

Annotations:
D:2 Jessica, Sigmund, Terence
D:4 Ijyb


Message History

The endoplasm freezes you.
You are frozen.
You hit the endoplasm.
The endoplasm is lightly wounded.
The endoplasm barely misses you.
You hit the endoplasm.
The endoplasm is almost dead.
The endoplasm freezes you.
You are frozen.
You hit the endoplasm but do no damage.
The endoplasm is almost dead.
The endoplasm hits you but does no damage.
You hit the endoplasm.
You kill the endoplasm!
You start resting.
HP restored.
You climb downwards.
Level annotation: Ijyb
There is a stone staircase leading up here.
Found 22 stones.
There is a stone staircase leading up here.
The jelly quivers.
You slash the jelly!
Your hands burn!
The jelly is heavily wounded.
The jelly barely misses you.
You hit the jelly but do no damage. The acid corrodes you!
Your hands burn!
The jelly is heavily wounded.
The jelly hits you. The acid corrodes you!
You are splashed with acid!
You hit the jelly but do no damage.
Your hands burn!
The jelly is heavily wounded.
The jelly hits you. The acid corrodes you!
You are splashed with acid!
* * * LOW HITPOINT WARNING * * *
As you read the scroll labelled FEGIPR AXZILUESM, it crumbles to dust.
The creatures around you are filled with an inner flame!
It was a scroll of immolation.
The jelly closely misses you.
You slash the jelly!
The jelly explodes!
The fiery explosion engulfs you!!
Ouch! That really hurt!
You die...

#...............
#.#######.......
#.#≈≈≈≈≈#.......
#J#≈≈.≈≈#J......
##.#≈r≈≈≈#.......
#..+BSr≈≈ .......
#..#######.......
#.....§§§........
#.###.@.§........
#.##..§§§.......(
#................
###..............
#.............#
#..........####
#............
##........$(.
...........


You could see a giant cockroach, a ball python and a rat.

Vanquished Creatures
  A howler monkey (D:3)
  A jelly (D:4)
  An iguana (D:4)
  A hound skeleton (D:4)
  2 adders (D:2)
  An adder skeleton (D:4)
  A dart slug (D:5)
  10 ball pythons
  5 endoplasms
  A giant cockroach (D:3)
  8 goblins
  7 hobgoblins
  3 jackals (D:2)
  5 kobolds
  A bat (D:1)
  3 frilled lizards
  2 rats
53 creatures vanquished.

Vanquished Creatures (others)
  2 plants (D:1)
2 creatures vanquished.

Grand Total: 55 creatures vanquished

Notes
Turn   | Place    | Note
-------+----------+-------------------------------------------
     0 | D:1      | GregHouse the Hill Orc Monk began the quest for the Orb.
     0 | D:1      | Reached XP level 1. HP: 19/19 MP: 1/1
   278 | D:2      | Found a faded altar of an unknown god.
   492 | D:1      | Reached XP level 2. HP: 26/27 MP: 2/2
  1375 | D:2      | Noticed Jessica
  1392 | D:2      | Reached XP level 3. HP: 28/33 MP: 3/3
  1697 | D:2      | Reached skill level 1 in Armour
  1732 | D:2      | Noticed Sigmund
  2214 | D:2      | Reached skill level 5 in Axes
  2345 | D:3      | Reached XP level 4. HP: 40/40 MP: 4/4
  2482 | D:3      | You fall into a shaft and drop 2 floors!
  2482 | D:5      | Entered Level 5 of the Dungeon
  2482 | D:5      | Found a staircase to the Ecumenical Temple.
  2741 | D:4      | Noticed a scorpion
  3125 | D:4      | Noticed Ijyb
  3434 | D:4      | Noticed a lemure
  3434 | D:4      | Noticed a lemure
  3861 | D:4      | Noticed a lemure
  3875 | D:3      | Reached XP level 5. HP: 36/47 MP: 5/5
  4034 | D:2      | Noticed Terence
  4354 | D:4      | Killed by an exploding jelly... ignited by their inner
                  | flame

Illustrated notes

Levels and vault maps discovered:
D:1:      kennysheep_arrival_seaside, layout_loops_ring
D:2:      layout_basic, nicolae_ecumenical_pavilion, uniq_terence, uniq_jessica,
          uniq_sigmund
D:3:      layout_loops_cross
D:4:      layout_rooms, portal_sewer_entry_c, minivault_24,
          corexii_hall_statues_deadend, eino_curves_03, uniq_ijyb, uniq_pikel
D:5:      layout_basic, minmay_temple_entry_mini_moons, serial_shops, shop,
          serial_park_tiny_2

Skill      XL: |  1  2  3  4 |
---------------+-------------+-----
Fighting       | 4 |  4.5
Armour         | 1 2 |  2.2
Axes           | 5 |  5.6
Stealth        | 2 |  2.0
Dodging        | |  2.9

Action                   |  1- 3 |  4- 6 || total
-------------------------+-------+-------++-------
Melee: Hand axe          |   135 |    85 ||   220
  Use: Scroll            |       |     1 ||     1
 Stab: Sleeping          |     1 |       ||     1
Armor: Leather armour    |     6 |    25 ||    31
       Ring mail         |    27 |       ||    27
Dodge: Dodged            |    81 |    37 ||   118

Table legend: (Time is in decaauts)
 A = Elapsed time spent in this place.
 B = Non-inter-level travel time spent in this place.
 C = Inter-level travel time spent in this place.
 D = Time resting spent in this place.
 E = Time spent auto-exploring this place.
 F = Levels seen in this place.
 G = Mean time per level.
                   A        B        C        D        E       F      G
               +--------+--------+--------+--------+--------+-----+--------+
         Total |   4395 |   4000 |    395 |    671 |   1247 |   5 |  879.0 |
       Dungeon |   4395 |   4000 |    395 |    671 |   1247 |   5 |  879.0 |
               +--------+--------+--------+--------+--------+-----+--------+

Top non-repeatable levels by time:
     D:3: 1500 daAuts
     D:1: 1294 daAuts
     D:2: 1227 daAuts
     D:4: 240 daAuts
     D:5: 133 daAuts
